TOP OF THE 1ST |
Erie Jaxx batting - Pitching for Barry's Bay Orioles : LHP Bernardo Valero
|
Pitching: LHP Bernardo Valero
|
|
Batting: LHB Kyle Robbins
|
0-0: Ball 1-0: SINGLE (Line Drive, 89S)
|
Batting: SHB José Durango
|
0-0: Called Strike 0-1: Ball 1-1: Ball 2-1: SINGLE (Flyball, 9S) Kyle Robbins to second Runner from 2nd tries for 3rd, SAFE, no throw
|
Batting: SHB Michael Field
|
0-0: Ball 1-0: Called Strike 1-1: Called Strike 1-2: Grounds into double play, 6-4-3 (Groundball, 6D) Kyle Robbins scores
|
Batting: RHB Ed Keesee
|
0-0: Ball 1-0: Ground out 4-3 (Groundball, 4)
|
Top of the 1st over - 1 run(s), 2 hit(s), 0 error(s), 0 left on base; Erie 1 - Barry's Bay 0 |
BOTTOM OF THE 1ST |
Barry's Bay Orioles batting - Pitching for Erie Jaxx : LHP Jason Dean
|
Pitching: LHP Jason Dean
|
|
Batting: RHB Bill Pike
|
0-0: Foul Ball, location: 2F 0-1: SINGLE (Groundball, 6MD)
|
Batting: LHB Ignacio Rabelo
|
0-0: Called Strike 0-1: Fly out, F7 (Flyball, 78S)
|
Batting: RHB Tomás Díaz
|
0-0: Ball 1-0: Ball 2-0: Ball 3-0: Called Strike 3-1: Base on Balls Bill Pike to second
|
Batting: RHB Lorenzo Silva
|
0-0: Called Strike 0-1: Fly out, F9 (Flyball, 89M)
|
Batting: RHB Guy Morrison
|
0-0: Ground out 5-3 (Groundball, 56S)
|
Bottom of the 1st over - 0 run(s), 1 hit(s), 0 error(s), 2 left on base; Erie 1 - Barry's Bay 0 |
TOP OF THE 2ND |
Erie Jaxx batting - Pitching for Barry's Bay Orioles : LHP Bernardo Valero
|
Batting: LHB Jim Knight
|
0-0: Ball 1-0: Called Strike 1-1: Ball 2-1: Called Strike 2-2: Foul Ball, location: 2F 2-2: Ball 3-2: Foul Ball, location: 2F 3-2: Strikes out looking
|
Batting: RHB Ángel Serrano
|
0-0: Ball 1-0: Swinging Strike 1-1: Called Strike 1-2: Ball 2-2: Foul Ball, location: 2F 2-2: Foul Ball, location: 2F 2-2: Ball 3-2: Base on Balls
|
Batting: RHB Edgardo Castro
|
0-0: Ball 1-0: Called Strike 1-1: Foul Ball, location: 2F 1-2: Ball 2-2: Ball 3-2: Base on Balls Ángel Serrano to second
|
Batting: RHB José Hernández
|
0-0: Ball 1-0: Called Strike 1-1: Called Strike 1-2: Foul Ball, location: 2F 1-2: Foul Ball, location: 2F 1-2: Foul Ball, location: 2F 1-2: Foul Ball, location: 2F 1-2: Strikes out looking
|
Batting: RHB Júlio Hernández
|
0-0: Called Strike 0-1: Foul Ball, location: 2F 0-2: Ball 1-2: TRIPLE (Line Drive, 7LM) Ángel Serrano scores Edgardo Castro scores
|
Batting: LHB Kyle Robbins
|
0-0: Called Strike 0-1: Called Strike 0-2: Strikes out swinging
|
Top of the 2nd over - 2 run(s), 1 hit(s), 0 error(s), 1 left on base; Erie 3 - Barry's Bay 0 |
BOTTOM OF THE 2ND |
Barry's Bay Orioles batting - Pitching for Erie Jaxx : LHP Jason Dean
|
Batting: RHB Lee Scott
|
0-0: Called Strike 0-1: Ball 1-1: Fly out, F8 (Flyball, 89M)
|
Batting: LHB Will Elliott
|
0-0: Swinging Strike 0-1: Ball 1-1: Ball 2-1: Called Strike 2-2: Foul Ball, location: 2F 2-2: Ball 3-2: Foul Ball, location: 2F 3-2: Base on Balls
|
Batting: LHB Rodney Harrison
|
0-0: Reached on error, E3 (Groundball, 34S) Will Elliott to third
|
Batting: RHB Octávio Aldeguer
|
0-0: Ground out 4-3 (Groundball, 4) Will Elliott scores Rodney Harrison to third
|
Batting: RHB Bill Pike
|
0-0: Called Strike 0-1: Called Strike 0-2: Ball 1-2: Ball 2-2: Ball 3-2: Base on Balls
|
Batting: LHB Ignacio Rabelo
|
0-0: Called Strike 0-1: Ball 1-1: Ball 2-1: Foul Ball, location: 2F 2-2: Ball 3-2: Base on Balls Bill Pike to second
|
Batting: RHB Tomás Díaz
|
0-0: Foul Ball, location: 2F 0-1: Swinging Strike 0-2: Ground out 5-3 (Groundball, 56S)
|
Bottom of the 2nd over - 1 run(s), 0 hit(s), 1 error(s), 3 left on base; Erie 3 - Barry's Bay 1 |
TOP OF THE 3RD |
Erie Jaxx batting - Pitching for Barry's Bay Orioles : LHP Bernardo Valero
|
Batting: SHB José Durango
|
0-0: Called Strike 0-1: Foul Ball, location: 2F 0-2: Fly out, F9 (Flyball, 89S)
|
Batting: SHB Michael Field
|
0-0: Ball 1-0: Ball 2-0: Ball 3-0: Base on Balls
|
Batting: RHB Ed Keesee
|
0-0: Fly out, F7 (Line Drive, 7)
|
Batting: LHB Jim Knight
|
0-0: Swinging Strike 0-1: Ball Passed Ball! Michael Field to second 1-1: Swinging Strike 1-2: Foul Ball, location: 2F 1-2: 2-RUN HOME RUN (Flyball, 89XD), Distance : 380 ft
|
Batting: RHB Ángel Serrano
|
0-0: Called Strike 0-1: Foul Ball, location: 2F 0-2: Strikes out swinging
|
Top of the 3rd over - 2 run(s), 1 hit(s), 0 error(s), 0 left on base; Erie 5 - Barry's Bay 1 |
BOTTOM OF THE 3RD |
Barry's Bay Orioles batting - Pitching for Erie Jaxx : LHP Jason Dean
|
Batting: RHB Lorenzo Silva
|
0-0: Foul Ball, location: 2F 0-1: Ball 1-1: Ground out 6-3 (Groundball, 56)
|
Batting: RHB Guy Morrison
|
0-0: Ground out 6-3 (Groundball, 56)
|
Batting: RHB Lee Scott
|
0-0: SOLO HOME RUN (Flyball, 8RXD), Distance : 416 ft
|
Batting: LHB Will Elliott
|
0-0: Ground out U3 (Groundball, 3)
|
Bottom of the 3rd over - 1 run(s), 1 hit(s), 0 error(s), 0 left on base; Erie 5 - Barry's Bay 2 |
TOP OF THE 4TH |
Erie Jaxx batting - Pitching for Barry's Bay Orioles : LHP Bernardo Valero
|
Batting: RHB Edgardo Castro
|
0-0: SINGLE (Groundball, 56D)
|
Batting: RHB José Hernández
|
0-0: Foul Ball, location: 2F 0-1: Foul Ball, location: 2F 0-2: Foul Ball, location: 2F 0-2: Strikes out looking
|
Batting: RHB Júlio Hernández
|
0-0: Fielders Choice at 2nd, 1-4 (Groundball, 15S)
|
Batting: LHB Kyle Robbins
|
0-0: Ball 1-0: Called Strike 1-1: Ball 2-1: 2-RUN HOME RUN (Flyball, 8RXD), Distance : 395 ft
|
Pitching: RHP Billy Jacobs
|
|
Batting: SHB José Durango
|
0-0: Foul Ball, location: 2F 0-1: Foul Ball, location: 2F 0-2: Strikes out swinging
|
Top of the 4th over - 2 run(s), 2 hit(s), 0 error(s), 0 left on base; Erie 7 - Barry's Bay 2 |
BOTTOM OF THE 4TH |
Barry's Bay Orioles batting - Pitching for Erie Jaxx : LHP Jason Dean
|
Batting: LHB Rodney Harrison
|
0-0: Ball
|
|
|
|
1-0: Foul Ball, location: 2F 1-1: Ground out 4-3 (Groundball, 4)
|
Batting: RHB Octávio Aldeguer
|
0-0: SINGLE (Flyball, 89M)
|
Batting: RHB Bill Pike
|
0-0: Foul Ball, location: 2F 0-1: DOUBLE (Flyball, 78D) Octávio Aldeguer to third Runner from 3rd tries for Home, SAFE, throw made home
|
Batting: LHB Ignacio Rabelo
|
0-0: Ball 1-0: Called Strike 1-1: Ball 2-1: Swinging Strike 2-2: Ball 3-2: Base on Balls
|
Batting: RHB Tomás Díaz
|
0-0: Called Strike 0-1: Foul Ball, location: 2F 0-2: Foul Ball, location: 2F 0-2: Fielders Choice at 2nd, 4-6 (Groundball, 4) Bill Pike to third
|
Batting: RHB Lorenzo Silva
|
0-0: Ball 1-0: Foul Ball, location: 2F 1-1: SINGLE (Line Drive, 5S) Bill Pike scores Tomás Díaz to second
|
Batting: RHB Guy Morrison
|
0-0: Ball 1-0: Ball 2-0: Ball 3-0: Base on Balls Tomás Díaz to third Lorenzo Silva to second
|
Batting: RHB Lee Scott
|
0-0: Ball 1-0: Called Strike 1-1: Ball 2-1: SINGLE (Groundball, 6MD) Tomás Díaz scores Lorenzo Silva to third Guy Morrison to second Runner from 3rd tries for Home, SAFE, no throw
|
Batting: LHB Will Elliott
|
0-0: Called Strike 0-1: Ball 1-1: Called Strike 1-2: Ground out 3-1 (Groundball, 34)
|
Bottom of the 4th over - 4 run(s), 4 hit(s), 0 error(s), 2 left on base; Erie 7 - Barry's Bay 6 |
TOP OF THE 5TH |
Erie Jaxx batting - Pitching for Barry's Bay Orioles : RHP Billy Jacobs
|
Batting: SHB Michael Field
|
0-0: Fly out, F8 (Flyball, 8LM)
|
Batting: RHB Ed Keesee
|
0-0: Ball 1-0: Swinging Strike 1-1: Swinging Strike 1-2: Strikes out swinging
|
Batting: LHB Jim Knight
|
0-0: Ball 1-0: Reached on error, E5 (Groundball, 5)
|
Batting: RHB Ángel Serrano
|
0-0: Ball 1-0: Ball 2-0: Ground out U3 (Groundball, 34)
|
Top of the 5th over - 0 run(s), 0 hit(s), 1 error(s), 1 left on base; Erie 7 - Barry's Bay 6 |
BOTTOM OF THE 5TH |
Barry's Bay Orioles batting - Pitching for Erie Jaxx : LHP Jason Dean
|
Pitching: LHP Alfredo García
|
|
Batting: LHB Rodney Harrison
|
0-0: Called Strike 0-1: Ball 1-1: Ball 2-1: Ball 3-1: Fly out, F4 (Line Drive, 4)
|
Batting: RHB Octávio Aldeguer
|
0-0: Ball 1-0: Swinging Strike 1-1: Ball 2-1: Foul Ball, location: 2F 2-2: Ball 3-2: Base on Balls
|
Batting: RHB Bill Pike
|
0-0: Ball Octávio Aldeguer is caught stealing 2nd base 1-0: Called Strike 1-1: Swinging Strike 1-2: Ball 2-2: Strikes out swinging
|
Bottom of the 5th over - 0 run(s), 0 hit(s), 0 error(s), 0 left on base; Erie 7 - Barry's Bay 6 |
TOP OF THE 6TH |
Erie Jaxx batting - Pitching for Barry's Bay Orioles : RHP Billy Jacobs
|
Batting: RHB Edgardo Castro
|
0-0: Called Strike 0-1: Foul Ball, location: 2F 0-2: Ball 1-2: Foul Ball, location: 2F 1-2: Strikes out looking
|
Batting: RHB José Hernández
|
0-0: Ground out 6-3 (Groundball, 6)
|
Batting: RHB Júlio Hernández
|
0-0: Called Strike 0-1: SINGLE (Line Drive, 8LM)
|
Batting: LHB Kyle Robbins
|
0-0: Ball 1-0: Called Strike 1-1: Ball 2-1: Swinging Strike 2-2: Strikes out looking
|
Top of the 6th over - 0 run(s), 1 hit(s), 0 error(s), 1 left on base; Erie 7 - Barry's Bay 6 |
BOTTOM OF THE 6TH |
Barry's Bay Orioles batting - Pitching for Erie Jaxx : LHP Alfredo García
|
Batting: LHB Ignacio Rabelo
|
0-0: Ball 1-0: Foul Ball, location: 2F 1-1: Foul Ball, location: 2F 1-2: Ball 2-2: Strikes out swinging wild pitch, reaches first!
|
Batting: RHB Tomás Díaz
|
0-0: Ball 1-0: DOUBLE (Line Drive, 78M) Ignacio Rabelo to third Runner from 3rd tries for Home, SAFE, no throw
|
Batting: RHB Lorenzo Silva
|
0-0: Foul Ball, location: 2F 0-1: Ground out 4-3 (Groundball, 4) Tomás Díaz to third
|
Batting: RHB Guy Morrison
|
0-0: Swinging Strike 0-1: Swinging Strike 0-2: Ball 1-2: Fly out, F5 (Line Drive, 5S)
|
Batting: RHB Lee Scott
|
0-0: Foul Ball, location: 2F 0-1: Ball 1-1: Ball 2-1: Foul Ball, location: 2F 2-2: 2-RUN HOME RUN (Line Drive, 8RXD), Distance : 395 ft
|
Batting: LHB Will Elliott
|
0-0: Ball 1-0: Ball 2-0: Ground out 3-1 (Groundball, 34D)
|
Bottom of the 6th over - 3 run(s), 2 hit(s), 0 error(s), 0 left on base; Erie 7 - Barry's Bay 9 |
TOP OF THE 7TH |
Erie Jaxx batting - Pitching for Barry's Bay Orioles : RHP Billy Jacobs
|
Batting: SHB José Durango
|
0-0: SINGLE (Groundball, 4MD)
|
Batting: SHB Michael Field
|
0-0: Ball 1-0: Ball 2-0: Called Strike 2-1: Foul Ball, location: 2F 2-2: Strikes out swinging
|
Batting: RHB Ed Keesee
|
0-0: Ball 1-0: Foul Ball, location: 2F 1-1: Called Strike 1-2: Ball 2-2: Ball 3-2: Foul Ball, location: 2F 3-2: Strikes out swinging
|
Batting: LHB Jim Knight
|
0-0: Ball 1-0: Swinging Strike 1-1: Foul Ball, location: 2F 1-2: Ball 2-2: Foul Ball, location: 2F 2-2: Foul Ball, location: 2F 2-2: Strikes out looking
|
Top of the 7th over - 0 run(s), 1 hit(s), 0 error(s), 1 left on base; Erie 7 - Barry's Bay 9 |
BOTTOM OF THE 7TH |
Barry's Bay Orioles batting - Pitching for Erie Jaxx : LHP Alfredo García
|
Pitching: LHP Todd Anderson
|
|
Batting: LHB Rodney Harrison
|
0-0: Ball 1-0: Ball 2-0: Ground out 4-3 (Groundball, 34)
|
Batting: RHB Octávio Aldeguer
|
0-0: Called Strike 0-1: Ball 1-1: Swinging Strike 1-2: Ball 2-2: Foul Ball, location: 2F 2-2: Reached on error, E5 (Groundball, 56)
|
Batting: RHB Bill Pike
|
0-0: Ball 1-0: Foul Ball, location: 2F 1-1: Ball Passed Ball! Octávio Aldeguer to third 2-1: Ball 3-1: Foul Ball, location: 2F 3-2: Strikes out swinging
|
Batting: LHB Ignacio Rabelo
|
0-0: Ball 1-0: Ball 2-0: Ball 3-0: Base on Balls
|
Batting: RHB Tomás Díaz
|
0-0: Called Strike 0-1: Swinging Strike 0-2: Ball 1-2: Strikes out swinging
|
Bottom of the 7th over - 0 run(s), 0 hit(s), 1 error(s), 2 left on base; Erie 7 - Barry's Bay 9 |
TOP OF THE 8TH |
Erie Jaxx batting - Pitching for Barry's Bay Orioles : RHP Billy Jacobs
|
Batting: RHB Ángel Serrano
|
0-0: SOLO HOME RUN (Flyball, 78XD), Distance : 383 ft
|
Pitching: RHP Félix González
|
|
Batting: RHB Edgardo Castro
|
0-0: Ball 1-0: Ball 2-0: Foul Ball, location: 2F 2-1: Foul Ball, location: 2F 2-2: Single, Error in OF, E7, batter to second base
|
Batting: RHB José Hernández
|
0-0: Called Strike 0-1: Swinging Strike 0-2: Ball 1-2: Foul Ball, location: 2F 1-2: Foul Ball, location: 2F 1-2: Ball 2-2: Strikes out swinging
|
Batting: RHB Júlio Hernández
|
0-0: Called Strike 0-1: Swinging Strike 0-2: Foul Ball, location: 2F 0-2: Foul Ball, location: 2F 0-2: Strikes out swinging
|
Batting: LHB Kyle Robbins
|
0-0: Ball 1-0: SINGLE (Line Drive, 6MD) Edgardo Castro to third
|
Batting: SHB José Durango
|
0-0: Ball 1-0: Ball 2-0: Foul Ball, location: 2F 2-1: Called Strike 2-2: Foul Ball, location: 2F 2-2: Fly out, F4 (Popup, 3D)
|
Top of the 8th over - 1 run(s), 3 hit(s), 1 error(s), 2 left on base; Erie 8 - Barry's Bay 9 |
BOTTOM OF THE 8TH |
Barry's Bay Orioles batting - Pitching for Erie Jaxx : LHP Todd Anderson
|
Batting: RHB Lorenzo Silva
|
0-0: Ball 1-0: Ground out 6-3 (Groundball, 6M)
|
Batting: RHB Guy Morrison
|
0-0: Called Strike 0-1: Foul Ball, location: 2F 0-2: Strikes out looking
|
Batting: RHB Lee Scott
|
0-0: SINGLE (Line Drive, 9S)
|
Pinch Hitting: RHB Troy González
|
0-0: Ball 1-0: DOUBLE (Flyball, 8LD) Lee Scott to third Runner from 3rd tries for Home, SAFE, no throw
|
Batting: LHB Rodney Harrison
|
0-0: Called Strike 0-1: Swinging Strike 0-2: Strikes out looking
|
Bottom of the 8th over - 1 run(s), 2 hit(s), 0 error(s), 1 left on base; Erie 8 - Barry's Bay 10 |
TOP OF THE 9TH |
Erie Jaxx batting - Pitching for Barry's Bay Orioles : RHP Félix González
|
Pitching: RHP Richard Manley
|
|
Now in RF: Carlos Romero
|
|
Batting: SHB Michael Field
|
0-0: Ball 1-0: Ball 2-0: Called Strike 2-1: Ball 3-1: Base on Balls
|
Batting: RHB Ed Keesee
|
0-0: Ball 1-0: Called Strike 1-1: Fly out, F2 (Popup, 23)
|
Batting: LHB Jim Knight
|
0-0: Ball 1-0: Ball 2-0: Called Strike 2-1: Ball 3-1: Swinging Strike 3-2: Foul Ball, location: 2F 3-2: Foul Ball, location: 2F 3-2: Strikes out swinging
|
Batting: RHB Ángel Serrano
|
0-0: Fly out, F8 (Line Drive, 8RM)
|
Top of the 9th over - 0 run(s), 0 hit(s), 0 error(s), 1 left on base; Erie 8 - Barry's Bay 10 |
|
Thursday, March 30th, 2017 - OOTP Baseball 17.12 Build 75
|
|